 Dungeon Sprint DCSS version 0.28.0-43-g3370ac3207 (webtiles) character file.

Game seed: 7597248314209118999

387 boopmooplesden the Cleaver (level 6, -3/68 HPs)
             Began as a Hill Orc Berserker on Mar 2, 2022.
             Was a Believer of Trog.
             Slain by a neqoxec (11 damage)
             ... in the Dungeon (Sprint II: "The Violet Keep of Menkaure").
             The game lasted 00:00:13 (39 turns).

boopmooplesden the Cleaver (Hill Orc Berserker)       Turns: 39, Time: 00:00:14

Health: -3/68      AC:  2    Str: 20      XL:     6   Next: 78%
Magic:  6/6        EV: 12    Int:  5 (7)  God:    Trog [**....]
Gold:   0          SH:  0    Dex: 10      Spells: 5/5 levels left

rFire   . . .      SeeInvis .   a - +0 hand axe
rCold   . . .      Faith    .   (no shield)
rNeg    . . .      Spirit   .   b - +0 animal skin
rPois   .          Reflect  .   (no helmet)
rElec   .          Harm     .   (no cloak)
rCorr   .          Rampage  .   (no gloves)
Will    .....      NoTele   +   (no boots)
Stlth   +.........              (no amulet)
HPRegen 0.21/turn               (no ring)
MPRegen 0.10/turn               (no ring)

@: on berserk cooldown, slowed, very slow
A: deterioration 1, weak 1
a: Renounce Religion, Berserk, Trog's Hand


You were in the Dungeon.
You worshipped Trog.
Trog was pleased with you.
You visited 1 branch

Inventory:

Hand Weapons
 a - a +0 hand axe (weapon)
Armour
 b - a +0 animal skin (worn)
Scrolls
 h - a scroll of blinking
Potions
 c - a potion of curing
 d - a potion of heal wounds
 e - a potion of haste
 f - 2 potions of magic
 g - a potion of berserk rage


   Skills:
 + Level 11.0 Fighting
 + Level 12.2 Axes
 + Level 5.4 Armour
 + Level 4.0 Dodging


You had 5 spell levels left.
You didn't know any spells.
Your spell library was empty.

Dungeon Overview and Level Annotations

Branches:
Dungeon (1/1)

Altars:


Innate Abilities, Weirdness & Mutations

Your body sometimes deteriorates upon taking damage.
You are weak. (Str -2)


Message History

You feel your intelligence returning.
Your Fighting skill increases to level 11!
Your Axes skill increases to level 12!
Your Armour skill increases to level 5!
Your Dodging skill increases to level 4!
You hit the neqoxec.
The neqoxec is lightly wounded.
The neqoxec gestures at you.
Something tries to feed on your intellect!
You barely miss the neqoxec.
The neqoxec is lightly wounded.
The neqoxec barely misses you.
You closely miss the neqoxec.
The neqoxec is lightly wounded.
The neqoxec gestures at you.
Strange energies course through your body.
You feel yourself wasting away.
You hit the neqoxec.
The neqoxec is lightly wounded.
The neqoxec hits you!
* * * LOW HITPOINT WARNING * * *
Your body deteriorates!
You feel dopey.
You barely miss the neqoxec.
The neqoxec is lightly wounded.
The neqoxec hits you!
* * * LOW HITPOINT WARNING * * *
Your body deteriorates!
You feel dopey.
You hit the neqoxec but do no damage.
The neqoxec is lightly wounded.
The neqoxec hits you but does no damage.
The neqoxec gestures at you.
Strange energies course through your body.
You feel weaker.
You slash the neqoxec!
The neqoxec is heavily wounded.
The neqoxec gestures at you.
Strange energies course through your body.
You slash the neqoxec!
The neqoxec is severely wounded.
The neqoxec hits you!
You die...

#+#
##.###
+.<.@#
##.##3#
#+# #.#
##


You could see a neqoxec.

Vanquished Creatures
  3 neqoxecs (D)
3 creatures vanquished.

Notes
Turn   | Place    | Note
-------+----------+-------------------------------------------
     0 | D        | boopmooplesden the Hill Orc Berserker began the quest for
                  | the Orb.
     0 | D        | Reached XP level 1. HP: 19/19 MP: 1/1
     1 | D        | Noticed a neqoxec
     1 | D        | Noticed a neqoxec
    12 | D        | Killed a neqoxec
    13 | D        | Reached skill level 9 in Axes
    13 | D        | Reached XP level 2. HP: 22/35 MP: 2/2
    13 | D        | Reached XP level 3. HP: 25/40 MP: 3/3
    13 | D        | Reached XP level 4. HP: 30/48 MP: 4/4
    13 | D        | Reached XP level 5. HP: 33/53 MP: 5/5
    15 | D        | Noticed a neqoxec
    17 | D        | Killed a neqoxec
    18 | D        | Reached skill level 10 in Fighting
    18 | D        | Reached skill level 11 in Axes
    18 | D        | Reached XP level 6. HP: 28/66 MP: 6/6
    19 | D        | Noticed a neqoxec
    31 | D        | Killed a neqoxec
    31 | D        | Reached ** piety under Trog
    32 | D        | Reached skill level 12 in Axes
    32 | D        | Reached skill level 5 in Armour
    34 | D        | Gained mutation: Your body sometimes deteriorates upon
                  | taking damage. [a neqoxec]
    37 | D        | Gained mutation: You are weak. (Str -2) [a neqoxec]
    39 | D        | Slain by a neqoxec

Illustrated notes

Levels and vault maps discovered:
D:        the_violet_keep_of_menkaure [sprint2_stairs_cluster_1,
          sprint2_shoproom, sprint2_temple, sprint2_basic_supplies,
          sprint2_obstacle_3, sprint2_obstacle_2, sprint2_obstacle_6,
          sprint2_obstacle_5, sprint2_obstacle_4, sprint2_timed_cluster_1,
          sprint2_smallroom_cluster_1, sprint2_smallroom_final_cluster_1,
          sprint2_transparent_cluster_1, sprint2_second_timed_cluster_1,
          sprint2_sniper_area_1, sprint2_heavy_combat_area_1,
          sprint2_mutation_trap_area_1, sprint2_forest_area_1,
          sprint2_light_combat_area_1, sprint2_behind_water_1,
          sprint2_near_end_vault_1]

Skill      XL: |  1  2  3  4  5  6 |
---------------+-------------------+-----
Fighting       | 8 10 11 | 11.0
Axes           | 9 11 12 | 12.2
Armour         | 4 5 |  5.4
Dodging        | 2 3 4 |  4.0

Action                   |  1- 3 |  4- 6 || total
-------------------------+-------+-------++-------
Melee: Hand axe          |     9 |    27 ||    36
       Punch             |       |     2 ||     2
Invok: Berserk           |     1 |       ||     1
Armor: Animal skin       |       |     3 ||     3
Dodge: Dodged            |     3 |     7 ||    10
